AoeStats
← ben1guerard

Arabia

509686487Analyzed
1v1 RM · 5d ago on Sep 27, 2026· 44m 5s· 2 players
Game mode
Random Map
Map size
Tiny (2 player)
Population
200
Speed
Normal
Resources
Standard
Victory
Conquest
Starting age
Dark Age
Ending age
Imperial Age
RankedLock teamsTeams togetherTeam positionsShared explorationLock speedFull tech treeHidden civsTurbo modeCheats
Victory
Defeat
🇨🇦 Saxons · Canada
983
+16
🇷🇺 Britons · Russia
977
-37
Sax
9:38 Feudal Age
9:11 Loom
10:31 Double-Bit Axe
19:57 Castle Age
18:17 Fletching
20:48 Crossbowman
21:36 Gold Mining
21:54 Bodkin Arrow
22:04 Padded Archer Armor
24:01 Leather Archer Armor
24:55 Elite Skirmisher
26:32 Stone Mining
28:39 Wheelbarrow
29:36 Ballistics
36:24 Imperial Age
35:49 Yeomen
38:14 Ring Archer Armor
37:45 Bracer
37:55 Forging
37:46 Scale Mail Armor
39:47 Arbalester
40:01 Man-at-Arms
40:26 Gambesons
40:41 Cavalier
41:22 Husbandry
41:59 Scale Barding Armor
42:07 Husbandry
ben1guerard
6:53 Loom
10:13 Feudal Age
10:57 Double-Bit Axe
15:35 Wheelbarrow
18:34 Castle Age
17:16 Horse Collar
17:55 Fletching
19:30 Crossbowman
20:07 Bodkin Arrow
21:24 Elite Skirmisher
23:15 Bow Saw
28:01 Scale Mail Armor
29:10 Ballistics
29:21 Chain Mail Armor
29:14 Gold Mining
31:57 Forging
33:29 Hand Cart
33:03 Town Watch
33:56 Iron Casting
37:16 Imperial Age
36:06 Padded Archer Armor
37:31 Thumb Ring
37:28 Elite Hearth Troop
37:34 Shield Wall
39:49 Plate Mail Armor
39:37 Leather Archer Armor
40:14 Bracer
42:28 Chemistry
42:09 Ring Archer Armor
42:18 Gambesons
42:33 Squires
42:19 Arson
43:51 Conscription
Connection lost

Rejoining the realm…

Still unreachable

The connection could not be restored.

Session expired

The server has moved on; the page needs a fresh start.